 Dungeon Crawl Stone Soup version 0.30-a0-373-gd37427bb62 (webtiles) character file.

Game seed: 12511062628613345367

22 greenreed the Trooper (level 3, -2/30 HPs)
             Began as a Formicid Monk on Nov 24, 2022.
             Slain by a worm (7 damage)
             ... on level 2 of the Dungeon.
             The game lasted 00:02:20 (1036 turns).

greenreed the Trooper (Formicid Monk)               Turns: 1036, Time: 00:02:22

Health: -2/30      AC:  2    Str: 15    XL:     3   Next: 7%
Magic:  3/3        EV: 13    Int:  9    God:
Gold:   46         SH:  0    Dex: 18    Spells: 2/2 levels left

rFire   . . .      SeeInvis +    a - +0 falchion
rCold   . . .      Faith    .    (no shield)
rNeg    . . .      Spirit   .    b - +0 robe
rPois   .          Reflect  .    (helmet unavailable)
rElec   .          Harm     .    (no cloak)
rCorr   .          Rampage  .    (no gloves)
Will    .....                    (no boots)
Stlth   ++........               (no amulet)
HPRegen 0.25/turn                (no ring)
MPRegen 0.08/turn                (no ring)

@: no status effects
A: permanent stasis, dig shafts and tunnels, antennae 3, four strong arms
a: Dig, Shaft Self


You were on level 2 of the Dungeon.
You visited 1 branch of the dungeon, and saw 2 of its levels.

You collected 46 gold pieces.

Inventory:

Hand Weapons
 a - a +0 falchion (weapon)
Armour
 b - a +0 robe (worn)
Scrolls
 d - a scroll of teleportation {unknown}
 g - 3 scrolls of identify {unknown}
Potions
 c - a potion of ambrosia
 e - a potion of mutation {unknown}
 f - a potion of brilliance {unknown}


   Skills:
 * Level 3.8 Fighting
 * Level 3.2 Long Blades
 + Level 2.8 Dodging
 + Level 2.7 Stealth


You had 2 spell levels left.
You didn't know any spells.
Your spell library contained the following spells:

 Spells                   Type           Power      Damage    Failure   Level
 Dazzling Flash           Conj/Hex       0%         N/A       77%         3
 Gell's Gravitas          Tloc           0%         N/A       77%         3
 Lesser Beckoning         Tloc           0%         N/A       77%         3
 Portal Projectile        Hex/Tloc       0%         N/A       77%         3
 Teleport Other           Tloc           0%         N/A       77%         3
 Tukima's Dance           Hex            0%         N/A       77%         3
 Agony                    Necr           0%         N/A       100%        5
 Blade Hands              Tmut           0%         N/A       100%        5
 Silence                  Hex/Air        0%         N/A       100%        5


Dungeon Overview and Level Annotations

Branches:
Dungeon (2/15)

Altars:


Innate Abilities, Weirdness & Mutations

You cannot be hasted, slowed, berserked, paralysed or teleported.
You can dig through walls and to a lower floor.
You have a pair of large antennae on your head. (SInv)
Your four strong arms can wield two-handed weapons with a shield.


Message History

You hit the hobgoblin.
The hobgoblin is severely wounded.
The hobgoblin misses you.
You hit the hobgoblin.
You kill the hobgoblin!
You closely miss the rat. The rat closely misses you.
You slash the rat!
You kill the rat!
You climb upwards.
There is a stone staircase leading down here.
You start resting.
HP restored.
You climb downwards.
The worm bites you!
There is a stone staircase leading up here.
You hit the worm.
The worm is moderately wounded.
The worm barely misses you.
You hit the worm.
The worm is moderately wounded.
The worm barely misses you.
You hit the worm.
The worm is heavily wounded.
You hit the worm but do no damage.
The worm is heavily wounded.
The worm bites you!
You are too injured to fight recklessly!
You are too injured to fight recklessly!
You hit the worm.
The worm is heavily wounded.
The worm barely misses you.
You hit the worm.
The worm is severely wounded.
You barely miss the worm.
The worm is severely wounded.
The worm bites you!
* * * LOW HITPOINT WARNING * * *
You hit the worm but do no damage.
The worm is heavily wounded.
The worm bites you!
You die...

{ ### +.#
#.# {
####@####
#..w....+
#.#######
#.#####
#.....##
####...#
#...#
#{..#
##{##


You could see a worm.

Vanquished Creatures
  4 ball pythons (D:1)
  3 endoplasms (D:1)
  2 giant cockroaches
  2 goblins (D:1)
  2 hobgoblins
  2 bats (D:1)
  7 rats
22 creatures vanquished.

Notes
Turn   | Place    | Note
-------+----------+-------------------------------------------
     0 | D:1      | greenreed the Formicid Monk began the quest for the Orb.
     0 | D:1      | Reached XP level 1. HP: 18/18 MP: 1/1
   189 | D:1      | Found a faded altar of an unknown god.
   296 | D:1      | Reached XP level 2. HP: 24/24 MP: 2/2
   955 | D:2      | Reached XP level 3. HP: 11/30 MP: 3/3
  1036 | D:2      | Slain by a worm

Illustrated notes

Levels and vault maps discovered:
D:1:      nzn_arrival_depleted_hourglass, layout_basic,
          hellmonk_ecumenical_altar_heavens_door, chequers_serial_rivers_large_a
D:2:      minmay_spotlight, layout_basic

Action                   || total
-------------------------++-------
Melee: Falchion          ||    71
 Abil: Dig               ||     1
 Stab: Sleeping          ||     7
Armor: Robe              ||    12
Dodge: Dodged            ||    41

Table legend: (Time is in decaauts)
 A = Elapsed time spent in this place.
 B = Non-inter-level travel time spent in this place.
 C = Inter-level travel time spent in this place.
 D = Time resting spent in this place.
 E = Time spent auto-exploring this place.
 F = Levels seen in this place.
 G = Mean time per level.
                   A        B        C        D        E       F      G
               +--------+--------+--------+--------+--------+-----+--------+
         Total |   1061 |   1020 |     41 |     62 |    732 |   2 |  530.5 |
       Dungeon |   1061 |   1020 |     41 |     62 |    732 |   2 |  530.5 |
               +--------+--------+--------+--------+--------+-----+--------+

Top non-repeatable levels by time:
     D:1: 989 daAuts
     D:2: 71 daAuts
